 Dungeon Crawl Stone Soup version 0.21-a0-633-g4c047d5 (webtiles) character file.

134 Alarkh the Chopper (level 4, -1/40 HPs)
             Began as a Deep Dwarf Berserker on Dec 28, 2017.
             Was a Believer of Trog.
             Slain by a bullfrog (2 damage)
             ... on level 2 of the Dungeon.
             The game lasted 00:02:36 (845 turns).

Alarkh the Chopper (Deep Dwarf Berserker)            Turns: 845, Time: 00:02:37

Health: -1/40      AC:  5    Str: 21    XL:     4   Next: 95%
Magic:  4/4        EV: 11    Int:  8    God:    Trog [**....]
Gold:   95         SH:  0    Dex: 12    Spells: 3/3 levels left

rFire    . . .     SeeInvis .   a - +0 hand axe
rCold    . . .     Gourm    .   (no shield)
rNeg     . . .     Faith    .   k - +0 ring mail
rPois    .         Spirit   .   (no helmet)
rElec    .         Reflect  .   (no cloak)
rCorr    .         Harm     .   (no gloves)
MR       +....                  (no boots)
Stlth    +.........             (no amulet)
HPRegen  0.00/turn              j - ring of protection from magic
MPRegen  0.09/turn              (no ring)

@: non-regenerating
A: damage resistance, heal wounds, sense surroundings 1, no regeneration
a: Heal Wounds, Berserk, Trog's Hand, Burn Spellbooks, Renounce Religion


You were on level 2 of the Dungeon.
You worshipped Trog.
Trog was pleased with you.
You were not hungry.

You visited 1 branch of the dungeon, and saw 2 of its levels.

You collected 95 gold pieces.

Inventory:

Hand Weapons
 a - a +0 hand axe (weapon)
Armour
 b - a +0 animal skin
 k - a +0 ring mail (worn)
Jewellery
 j - a ring of protection from magic (left hand)
Scrolls
 f - a scroll of magic mapping {unknown}
 g - a scroll of blinking {unknown}
 h - a scroll of teleportation
 i - a scroll of remove curse {unknown}
 o - a scroll of identify {unknown}
Potions
 e - a potion of lignification {unknown}
 l - a potion of heal wounds {unknown}
 m - a potion of agility {unknown}
 n - a potion of flight {unknown}
Comestibles
 c - 4 rations
 d - 6 chunks of flesh


   Skills:
 - Level 2.6 Fighting
 + Level 6.3 Axes
 - Level 2.1 Armour
 - Level 2.1 Dodging


You had 3 spell levels left.
You didn't know any spells.

Dungeon Overview and Level Annotations

Branches:
Dungeon (2/15)

Altars:


Innate Abilities, Weirdness & Mutations

You are resistant to damage.
You can heal yourself by infusing magical energy.
You passively map a small area around you.
You do not regenerate.


Message History

The bullfrog is lightly wounded.
The bullfrog hits you but does no damage.
The bullfrog barely misses you.
You slash the bullfrog!
The bullfrog is heavily wounded.
The bullfrog closely misses you.
You barely miss the bullfrog.
The bullfrog is heavily wounded.
The bullfrog hits you. The bullfrog hits you!
* * * LOW HITPOINT WARNING * * *
You barely miss the bullfrog.
The bullfrog is heavily wounded.
The bullfrog hits you.
* * * LOW HITPOINT WARNING * * *
You barely miss the bullfrog.
The bullfrog is heavily wounded.
The bullfrog hits you.
* * * LOW HITPOINT WARNING * * *
The bullfrog hits you.
You die...

#.# #..#...####.##. *
##.###....#.# #.##. *
##...##..#...####.##รท
,
#............<......)
, , * *
#....#####....>......
, * #.#.##
#..#####.#.. * ,*
#.#.# #..# #.#.. *
#.#.######..# #.##. *,
#.#.@F......# **#.##.
.......^.####... ,
..(.. , =.....##.#
##.## *#.### ,..##.#
.# #.# #.# * . ##* .#*
#.# , *.. , , ## * *


You could see a bullfrog.

Vanquished Creatures
  2 orc wizards (D:2)
  A gnoll (D:2)
  2 adders (D:2)
  3 dart slugs
  An orc (D:2)
  5 bats
  2 giant cockroaches
  7 goblins
  3 hobgoblins
  3 jackals (D:2)
  A quokka (D:2)
  2 frilled lizards
  3 kobolds
  7 rats
42 creatures vanquished.

Notes
Turn   | Place    | Note
-------+----------+-------------------------------------------
     0 | D:1      | Alarkh the Deep Dwarf Berserker began the quest for the Orb.
     0 | D:1      | Reached XP level 1. HP: 20/20 MP: 1/1
   115 | D:1      | Reached XP level 2. HP: 22/27 MP: 2/2
   128 | D:1      | Reached skill level 4 in Axes
   488 | D:2      | Reached ** piety under Trog
   511 | D:2      | Reached XP level 3. HP: 23/33 MP: 3/3
   553 | D:2      | Reached skill level 5 in Axes
   553 | D:2      | Reached XP level 4. HP: 33/40 MP: 4/4
   697 | D:2      | Reached skill level 6 in Axes
   836 | D:2      | Noticed a bullfrog
   845 | D:2      | HP: 1/40 [bullfrog (5)]
   845 | D:2      | Slain by a bullfrog

Vault maps used:
D:1:      dpeg_arrival_refuge, corexii_item_surrounded_by_moat
D:2:      first_ration, uniq_crazy_yiuf_cottage

Skill      XL: |  1  2  3  4 |
---------------+-------------+-----
Axes           | 4 5 6 |  6.3
Fighting       | |  2.6
Armour         | |  2.1
Dodging        | |  2.1

Action                   |  1- 3 |  4- 6 || total
-------------------------+-------+-------++-------
Melee: Hand axe          |    85 |    64 ||   149
Invok: Berserk           |     3 |     2 ||     5
       Trog's Hand       |     2 |     2 ||     4
  Use: Scroll            |       |     1 ||     1
  Eat: Chunk             |     1 |     5 ||     6
Armor: Animal skin       |    18 |     4 ||    22
       Ring mail         |       |    13 ||    13
Dodge: Dodged            |    60 |    27 ||    87

Table legend:
 A = Spawn XP
 B = Non-spawn XP
 C = Spawn XP percentage of total XP
 D = Spawn monster count
 E = Non-spawn monster count
 F = Spawn count percentage of total count
 G = Total turns spent on level
                    A         B        C        D         E        F      G
               +---------+---------+-------+---------+---------+-------+---------
         Total |       0 |     192 |   0.0 |       0 |      42 |   0.0 |   845
               +---------+---------+-------+---------+---------+-------+---------
           D:1 |       0 |      34 |   0.0 |       0 |      19 |   0.0 |   521
           D:2 |       0 |     158 |   0.0 |       0 |      23 |   0.0 |   324
               +---------+---------+-------+---------+---------+-------+---------
